 Dungeon Crawl Stone Soup version 0.24.1-14-gf8d2b509d9 (console) character file.

Game seed: 7601844733624732417, levelgen mode: deterministic

31 Kagalorn the Shooter (level 3, -8/28 HPs)
             Began as a Gnoll Wanderer on Feb 27, 2021.
             Killed by nerve-wracking pain
             ... invoked by Jessica
              (14 damage)
             ... on level 2 of the Dungeon.
             The game lasted 00:02:08 (1167 turns).

Kagalorn the Shooter (Gnoll Wanderer)               Turns: 1167, Time: 00:02:10

Health: -8/28      AC:  8    Str: 16    XL:     3   Next: 22%
Magic:  7/7        EV:  9    Int: 14    God:
Gold:   69         SH:  0    Dex: 13    Spells: 7/7 levels left

rFire    . . .     SeeInvis .   (no weapon)
rCold    . . .     Gourm    .   (no shield)
rNeg     . . .     Faith    .   d - +2 scale mail
rPois    .         Spirit   .   (no helmet)
rElec    .         Reflect  .   (no cloak)
rCorr    .         Harm     .   (no gloves)
MR       .....                  (no boots)
Stlth    +.........             (no amulet)
HPRegen  0.09/turn              (no ring)
MPRegen  0.10/turn              (no ring)

@: no status effects
A: distributed training, fangs 1, strong nose
a: no special abilities


You were on level 2 of the Dungeon.
You were very hungry.

You visited 1 branch of the dungeon, and saw 2 of its levels.

You collected 69 gold pieces.

Inventory:

Missiles
 g - 41 sling bullets
 h - 10 stones (quivered)
 j - 26 bolts
Armour
 d - a +2 scale mail (worn)
Jewellery
 l - a +1 ring of slaying {unknown}
Scrolls
 b - 2 scrolls of teleportation
 e - 2 scrolls of identify {unknown}
Potions
 a - a potion of heal wounds {unknown}
 c - a potion of lignification
 i - a potion of agility {unknown}
 k - a potion of might {unknown}
 m - a potion of degeneration {unknown}
 n - a potion of haste {unknown}
Comestibles
 f - 2 rations


   Skills:
 + Level 2.5 Fighting
 + Level 0.6 Short Blades
 + Level 0.6 Long Blades
 + Level 0.6 Axes
 + Level 0.6 Maces & Flails
 + Level 0.6 Polearms
 + Level 0.6 Staves
 + Level 0.6 Slings
 + Level 6.5 Bows
 + Level 0.6 Crossbows
 + Level 0.6 Throwing
 + Level 2.5 Armour
 + Level 0.6 Dodging
 + Level 2.3 Stealth
 + Level 2.5 Shields
 + Level 0.6 Unarmed Combat
 + Level 2.8 Spellcasting
 + Level 0.4 Conjurations
 + Level 0.4 Hexes
 + Level 0.4 Charms
 + Level 0.4 Summonings
 + Level 0.4 Necromancy
 + Level 0.4 Translocations
 + Level 0.4 Transmutations
 + Level 0.4 Fire Magic
 + Level 0.4 Ice Magic
 + Level 0.4 Air Magic
 + Level 3.7 Earth Magic
 + Level 0.4 Poison Magic
 + Level 0.8 Invocations
 + Level 0.6 Evocations


You had 7 spell levels left.
You didn't know any spells.
Your spell library was empty.

Dungeon Overview and Level Annotations

Branches:
Dungeon (2/15)

Altars:

Annotations:
D:2 Jessica


Innate Abilities, Weirdness & Mutations

Your experience applies equally to all skills.
You have very sharp teeth.
Your uncanny sense of smell can sniff out nearby items.


Message History

You hit Jessica but do no damage.
Jessica is almost dead.
Jessica hits you but does no damage. Jessica barely misses you.
You hit Jessica but do no damage.
Jessica is almost dead.
Jessica barely misses you.
You barely miss Jessica.
Jessica is almost dead.
Jessica barely misses you. Jessica hits you with a +0 dagger.
* * * LOW HITPOINT WARNING * * *
You hit Jessica but do no damage.
Jessica is almost dead.
Jessica barely misses you.
You hit Jessica.
Jessica is almost dead.
Jessica hits you but does no damage.
Jessica points at you and mumbles some strange words.
Pain shoots through your body!
Ouch! That really hurt!
You die...

#..####.#........
#................
#..####.#........
#..####.#........
.................
........#..######
...#.####..###########
.#.#..###..#.........####
...........'...@@........
.#.##.###..#.........###.
.#.# # #..#.........#
.#.# #..#.........# .#.#
#..########### .#.# #..#
.#.# #.<# .#.# .... .#


You could see Jessica.

Vanquished Creatures
  2 dart slugs (D:1)
  2 leopard geckos (D:1)
  3 bats (D:1)
  2 giant cockroaches (D:1)
  3 goblins (D:1)
  2 hobgoblins (D:1)
  3 frilled lizards (D:1)
  2 kobolds (D:1)
  6 rats
25 creatures vanquished.

Notes
Turn   | Place    | Note
-------+----------+-------------------------------------------
     0 | D:1      | Kagalorn the Gnoll Wanderer began the quest for the Orb.
     0 | D:1      | Kagalorn set off with the following items: a +0 club, a
                  | scroll of teleportation, a potion of lignification, a +2
                  | scale mail, a ration
     0 | D:1      | Reached XP level 1. HP: 17/17 MP: 4/4
    93 | D:1      | Reached XP level 2. HP: 17/23 MP: 5/5
   672 | D:1      | Reached XP level 3. HP: 27/28 MP: 7/7
  1131 | D:2      | Noticed Jessica
  1167 | D:2      | Killed from afar by Jessica

Levels and vault maps discovered:
D:1:      psy_arrival_terrarium, layout_basic, minmay_heptomino_l4
D:2:      layout_basic, led_sif_pool, kennysheep_big_empty_room,
          minmay_indecisive_spiral, uniq_jessica

Action                   || total
-------------------------++-------
Melee: Unarmed           ||   176
       Bite              ||    23
Armor: Scale mail        ||   101
Dodge: Dodged            ||    93
